 Dungeon Crawl Stone Soup version 0.30-a0-1157-g2cc9ac7196 (webtiles) character file.

Game seed: 4396646499707417588

1120 IdlyInterested the Chopper (level 8, 0/63 HPs)
             Began as a Demonspawn Fighter on Apr 21, 2023.
             Succumbed to a water moccasin's poison
             ... on level 6 of the Dungeon on Apr 24, 2023.
             The game lasted 00:16:56 (5457 turns).

IdlyInterested the Chopper (Demonspawn Fighter)     Turns: 5457, Time: 00:16:57

Health: 0/63       AC:  4    Str: 16    XL:     8   Next: 12%
Magic:  8/8        EV: 11    Int: 11    God:
Gold:   288        SH:  5    Dex: 14    Spells: 7/7 levels left

rFire   . . .        a - +0 war axe
rCold   . . .        c - +0 buckler
rNeg    + . .        J - +1 leather armour {rN+}
rPois   .            (helmet unavailable)
rElec   .            (no cloak)
rCorr   .            (no gloves)
SInv    .            (no boots)
Will    .....        (no amulet)
Stlth   ++           (no ring)
HPRegen 0.30/turn    (no ring)
MPRegen 0.11/turn

%: no passive effects
@: lethally poisoned (0 -> -23)
A: horns 3, powered by death 2, spiny 1
a: no special abilities


You were on level 6 of the Dungeon.
You visited 2 branches of the dungeon, and saw 7 of its levels.
You also visited: Sewer.

You collected 288 gold pieces.

Inventory:

Hand Weapons
 a - a +0 war axe (weapon)
 q - a +0 hand axe
 u - a +0 vampiric whip
 G - a +0 hand axe
Missiles
 e - 3 datura-tipped darts
 g - 52 stones (quivered)
 w - 2 poisoned darts
 F - 4 boomerangs
Armour
 c - a +0 buckler (worn)
 D - a +0 plate armour
 J - a +1 leather armour of positive energy (worn)
Magical Staves
 E - a staff of cold
Wands
 n - a wand of iceblast (6)
 I - a wand of polymorph (5)
Scrolls
 b - a scroll of silence {unknown}
 f - 2 scrolls of enchant armour {unknown}
 j - 5 scrolls of fear {unknown}
 k - 3 scrolls of teleportation {unknown}
 l - a scroll of fog {unknown}
 p - 4 scrolls of poison {unknown}
 s - 3 scrolls of noise {unknown}
 t - 6 scrolls of identify {unknown}
 v - a scroll of enchant weapon {unknown}
 y - a scroll of brand weapon {unknown}
 B - a scroll of acquirement {unknown}
 C - 3 scrolls of immolation {unknown}
 H - a scroll of magic mapping {unknown}
Potions
 d - a potion of might
 h - a potion of flight {unknown}
 i - 6 potions of curing
 m - 2 potions of degeneration {unknown}
 o - a potion of lignification {unknown}
 r - a potion of attraction {unknown}
 x - a potion of heal wounds {unknown}
 z - a potion of brilliance {unknown}
 A - 2 potions of mutation {unknown}
 K - a potion of invisibility {unknown}


   Skills:
 + Level 5.5 Fighting
 - Level 6.0 Axes
 - Level 2.0 Throwing
 + Level 3.3 Armour
 - Level 2.0 Dodging
 - Level 2.0 Stealth
 - Level 3.0 Shields
 - Level 2.0 Evocations


You had 7 spell levels left.
You didn't know any spells.
Your spell library contained the following spells:

 Spells                   Type           Power      Damage    Failure   Level
 Summon Small Mammal      Summ           0%         N/A       50%         1
 Call Canine Familiar     Summ           0%         N/A       86%         3
 Portal Projectile        Hex/Tloc       0%         N/A       86%         3
 Summon Guardian Golem    Hex/Summ       0%         N/A       86%         3
 Leda's Liquefaction      Hex/Erth       0%         N/A       99%         4
 Manifold Assault         Tloc           0%         N/A       99%         4
 Dispersal                Tloc           0%         N/A       100%        6
 Disjunction              Tloc           0%         N/A       100%        8


Dungeon Overview and Level Annotations

Branches:
Dungeon (6/15)             Temple (1/1) D:5           Sewer (visited)

Altars:
Fedhas
Hepliaklqana
Kikubaaqudgha
Makhleb
Okawaru
Qazlal
Sif Muna
Trog
Uskayaw
Vehumet
Wu Jian
Xom
Yredelemnul

Shops:
D:5 (


Innate Abilities, Weirdness & Mutations

You have a pair of large horns on your head.
You regenerate health from kills.
You are partially covered in sharp spines.


Message History

You feel very sick. The hound is struck by your spines.
The hound bites you but does no damage. You block the water moccasin's attack.
The hound barely misses you.
Unknown command.
You closely miss the water moccasin.
The water moccasin is heavily wounded.
You hit the hound.
You kill the hound!
You feel sick.
The water moccasin is struck by your spines.
The water moccasin bites you.
You are more poisoned.
The water moccasin poisons you! The water moccasin bites you!
You closely miss the water moccasin.
The water moccasin is severely wounded.
You feel very sick. You block the water moccasin's attack.
The water moccasin is struck by your spines.
The water moccasin bites you.
You barely miss the water moccasin.
The water moccasin is severely wounded.
You feel very sick.
The water moccasin is struck by your spines.
The water moccasin bites you.
* * * LOW HITPOINT WARNING * * *
You block the water moccasin's attack.
You miss the water moccasin.
The water moccasin is almost dead.
You feel very sick. The water moccasin bites you.
* * * LOW HITPOINT WARNING * * *
The water moccasin is struck by your spines.
The water moccasin bites you.
* * * LOW HITPOINT WARNING * * *
You are lethally poisoned!
The water moccasin poisons you!
You closely miss the water moccasin.
Your headbutt misses the water moccasin.
The water moccasin is almost dead.
You die...

###########
#.........#
#.........#
####.........#
............#
#..S......#
#..@.....!#
#.........#
#.........#
#.....?...#
#.........#
###########


You could see a water moccasin.

Vanquished Creatures
  An ice beast (D:5)
  A black bear (D:5)
  2 phantoms
  5 scorpions (D:5)
  A hound (D:6)
  An orc priest (D:5)
  3 iguanas (D:5)
  An orc wizard (D:4)
  Ijyb (D:5)
  Robin (D:5)
  3 gnolls (D:2)
  5 river rats (Sewer)
  11 adders
  An ufetubus (D:4)
  A worm (D:2)
  6 dart slugs
  6 orcs
  10 ball pythons
  6 endoplasms
  4 giant cockroaches
  12 goblins
  11 hobgoblins
  5 jackals
  8 kobolds
  A quokka (D:4)
  4 bats
  7 frilled lizards
  12 rats
130 creatures vanquished.

Vanquished Creatures (others)
  18 plants (D:5)
18 creatures vanquished.

Grand Total: 148 creatures vanquished

Notes
Turn   | Place    | Note
-------+----------+-------------------------------------------
     0 | D:1      | IdlyInterested the Demonspawn Fighter began the quest for
                  | the Orb.
     0 | D:1      | Reached XP level 1. HP: 18/18 MP: 1/1
   112 | D:1      | Reached skill level 1 in Dodging
   112 | D:1      | Gained mutation: You have a pair of small horns on your
                  | head. [demonic ancestry]
   112 | D:1      | Reached XP level 2. HP: 20/24 MP: 2/2
   431 | D:1      | Gained mutation: You regenerate a little health from kills.
                  | [demonic ancestry]
   431 | D:1      | Reached XP level 3. HP: 30/30 MP: 3/3
  1132 | D:2      | Reached skill level 1 in Stealth
  1372 | D:2      | Reached XP level 4. HP: 38/38 MP: 4/4
  1654 | D:2      | Reached skill level 1 in Evocations
  1800 | D:2      | Reached skill level 1 in Throwing
  2014 | D:3      | Found a glowing drain.
  2037 | D:3      | Reached skill level 2 in Axes
  2038 | D:3      | Gained mutation: You are partially covered in sharp spines.
                  | [demonic ancestry]
  2038 | D:3      | Reached XP level 5. HP: 15/43 MP: 5/5
  2044 | Sewer    | Entered a sewer
  2086 | Sewer    | Reached skill level 5 in Fighting
  2917 | D:3      | Reached skill level 3 in Axes
  3340 | D:4      | Found a blossoming altar of Fedhas.
  3353 | D:4      | Upgraded the game from 0.30-a0-1116-gebefce21f7 to
                  | 0.30-a0-1157-g2cc9ac7196
  3359 | D:4      | Gained mutation: You have a pair of horns on your head.
                  | [demonic ancestry]
  3359 | D:4      | Reached XP level 6. HP: 51/51 MP: 6/6
  4103 | D:5      | Entered Level 5 of the Dungeon
  4208 | D:5      | Reached skill level 4 in Axes
  4306 | D:5      | Gained mutation: You have a pair of large horns on your
                  | head. [demonic ancestry]
  4306 | D:5      | Reached XP level 7. HP: 54/56 MP: 7/7
  4394 | D:5      | Reached skill level 5 in Axes
  4491 | D:5      | Found Ysotar's Antique Weapon Boutique.
  4492 | D:5      | Noticed Ijyb
  4492 | D:5      | Noticed Robin
  4527 | D:5      | Killed Robin
  4529 | D:5      | Killed Ijyb
  4719 | D:5      | Found a staircase to the Ecumenical Temple.
  4729 | Temple   | Entered the Ecumenical Temple
  4972 | D:5      | Reached skill level 6 in Axes
  5219 | D:5      | Gained mutation: You regenerate health from kills. [demonic
                  | ancestry]
  5219 | D:5      | Reached XP level 8. HP: 37/62 MP: 8/8
  5457 | D:6      | Succumbed to a water moccasin's poison

Illustrated notes

Levels and vault maps discovered:
D:1:      minmay_arrival_jagged, layout_basic
D:2:      layout_basic
D:3:      layout_basic, gup_sewer_entry_glass
D:4:      layout_basic, fedhas_altar_2
D:5:      layout_basic, minmay_temple_entry_proselytizer, serial_bayou,
          serial_bayou_pond_b, serial_bayou_shore_b, serial_bayou_pond_c,
          serial_bayou_pond_e, serial_bayou_ford_a, serial_bayou_lagoon_a,
          serial_shops, nicolae_shop_peninsula, nicolae_goblin_pals
D:6:      layout_rooms, grunt_gozag_statues, uniq_menkaure, uniq_sigmund
Temple:   dshaligram_water_room_temple

Skill      XL: |  1  2  3  4  5  6  7 |
---------------+----------------------+-----
Dodging        | 1 2 |  2.0
Fighting       | 4 5 |  5.5
Stealth        | 1 2 |  2.0
Evocations     | 1 2 |  2.0
Throwing       | 1 2 |  2.0
Axes           | 2 3 4 6 |  6.0
Armour         | 3 |  3.3
Shields        | 3 |  3.0

Action                     |  1- 3 |  4- 6 |  7- 9 || total
---------------------------+-------+-------+-------++-------
  Melee: War axe           |    83 |   146 |    87 ||   316
         Headbutt          |    11 |    12 |     8 ||    31
  Throw: Stone             |       |       |     4 ||     4
    Use: Potion            |       |     1 |       ||     1
   Stab: Sleeping          |       |       |     1 ||     1
 Armour: Scale mail        |    23 |       |       ||    23
         Chain mail        |    23 |    54 |       ||    77
         Plate armour      |       |    23 |    18 ||    41
         Skin              |       |       |    27 ||    27
         Leather armour    |       |       |    10 ||    10
  Dodge: Dodged            |    43 |    38 |    29 ||   110
  Block: Buckler           |    19 |    37 |    20 ||    76

Table legend: (Time is in decaauts)
 A = Elapsed time spent in this place.
 B = Non-inter-level travel time spent in this place.
 C = Inter-level travel time spent in this place.
 D = Time resting spent in this place.
 E = Time spent auto-exploring this place.
 F = Levels seen in this place.
 G = Mean time per level.
                   A        B        C        D        E       F      G
               +--------+--------+--------+--------+--------+-----+--------+
         Total |   5666 |   5015 |    651 |    438 |   3299 |   8 |  708.2 |
       Dungeon |   5116 |   4465 |    651 |    384 |   3055 |   6 |  852.7 |
        Temple |     90 |     90 |      0 |      0 |     60 |   1 |   90.0 |
         Sewer |    458 |    458 |      0 |     54 |    183 |   1 |  458.0 |
               +--------+--------+--------+--------+--------+-----+--------+

Top non-repeatable levels by time:
     D:5: 1234 daAuts
     D:2: 1203 daAuts
     D:1: 980 daAuts
     D:4: 914 daAuts
     D:3: 773 daAuts
   Sewer: 458 daAuts
  Temple: 90 daAuts
     D:6: 10 daAuts
